 Dungeon Crawl Stone Soup version 0.24-a0-613-g1ff6aac338 (webtiles) character file.

Game seed: 8499598273151339983, levelgen mode: deterministic

14 DEFE the Sneak (level 2, 11/11 HPs)
             Began as a Felid Earth Elementalist on Sept 6, 2019.
             Quit the game on level 1 of the Dungeon on Sept 12, 2019.
             The game lasted 00:06:39 (1027 turns).

DEFE the Sneak (Felid Earth Elementalist)           Turns: 1027, Time: 00:06:40

Health: 11/11      AC:  1    Str:  4    XL:     2   Next: 27%
Magic:  6/6        EV: 18    Int: 16    God:
Gold:   2          SH:  0    Dex: 16    Spells: 4/5 levels left
                                        Lives:  0   Deaths: 0

rFire    . . .     SeeInvis +   (weapon unavailable)
rCold    . . .     Gourm    .   (shield unavailable)
rNeg     . . .     Faith    .   (armour unavailable)
rPois    .         Spirit   .   (helmet unavailable)
rElec    .         Reflect  .   (cloak unavailable)
rCorr    .         Harm     .   (gloves unavailable)
MR       .....                  (boots unavailable)
Stlth    +++.......             (no amulet)
HPRegen  0.03/turn              (no ring)
MPRegen  0.10/turn              (no ring)

@: quick
A: very small, no armour, no weapons or thrown items, stealth, claws 1, fangs 3,
see invisible, carnivore, speed 1, shaggy fur 1, slow metabolism 1, sharp paws
a: no special abilities


You were on level 1 of the Dungeon.
You were not hungry.

You visited 1 branch of the dungeon, and saw 1 of its levels.

You collected 2 gold pieces.

Inventory:

Missiles
 b - 26 stones
Jewellery
 a - an uncursed ring of magical power {unknown}
Scrolls
 d - a scroll of immolation {unknown}
 e - a scroll of teleportation {unknown}
Comestibles
 c - a ration


   Skills:
 - Level 2.8 Dodging
 + Level 3.2 Stealth
 + Level 2.2 Spellcasting
   Level 1.1 Transmutations
 + Level 2.9 Earth Magic


You had 4 spell levels left.
You knew the following spells:

 Your Spells              Type           Power        Failure   Level  Hunger
a - Sandblast             Erth           ##....       6%          1    #......

Your spell library contained the following spells:

 Spells                   Type           Power        Failure   Level  Hunger
 Passwall                 Tmut/Erth      #.......     13%         2    ###....
 Stone Arrow              Conj/Erth      #.....       32%         3    ###....
 Petrify                  Tmut/Erth      #.......     65%         4    #####..
 Lee's Rapid Deconstruct  Erth           ##........   86%         5    ######.


Dungeon Overview and Level Annotations

Branches:
Dungeon (1/15)

Altars:


Innate Abilities, Weirdness & Mutations

You cannot wear armour.
You are incapable of wielding weapons or throwing items.
Your paws allow you to move quietly. (Stealth)
You have sharp claws.
You have razor-sharp teeth.
You have supernaturally acute eyesight. (SInv)
You are carnivorous and can eat meat at any time.
You cover ground quickly.
You are covered in fur. (AC +1)
You have a slow metabolism.
Your sharp claws are effective at attacking unaware monsters.


Message History

You kill the giant cockroach!
No target in view!
No target in view!
No target in view!
No target in view!
No target in view!
No target in view!
No target in view!
No target in view!
No target in view!
No target in view!
No target in view!
Welcome back, DEFE the Felid Earth Elementalist.
Welcome back, DEFE the Felid Earth Elementalist.
Welcome back, DEFE the Felid Earth Elementalist.
Welcome back, DEFE the Felid Earth Elementalist.
Welcome back, DEFE the Felid Earth Elementalist.
Welcome back, DEFE the Felid Earth Elementalist.
Welcome back, DEFE the Felid Earth Elementalist.
Welcome back, DEFE the Felid Earth Elementalist.

#######.#..
...........
###...##...
......##...
......##...
...........#######
....#######.....$#
....#.....#.####.#
....#.###.#.# #@#
#.#.......#.# #†#
#.###.#####.# #.#
#...........# #.#
#####.####### #.#
#.....# #.#
####### #.# #.#


There were no monsters in sight!

Vanquished Creatures
  A dart slug (D:1)
  A leopard gecko (D:1)
  2 giant cockroaches (D:1)
  A goblin (D:1)
  A hobgoblin (D:1)
  A kobold (D:1)
  A bat (D:1)
  2 frilled lizards (D:1)
10 creatures vanquished.

Notes
Turn   | Place    | Note
-------+----------+-------------------------------------------
     0 | D:1      | DEFE the Felid Earth Elementalist began the quest for the
                  | Orb.
     0 | D:1      | Reached XP level 1. HP: 7/7 MP: 4/4
   180 | D:1      | Reached skill level 3 in Stealth
   386 | D:1      | Reached XP level 2. HP: 1/11 MP: 4/6
   645 | D:1      | Upgraded the game from 0.24-a0-584-g9d6b971ae4 to
                  | 0.24-a0-592-g9a1d66b0e3
   645 | D:1      | Upgraded the game from 0.24-a0-592-g9a1d66b0e3 to
                  | 0.24-a0-613-g1ff6aac338
  1027 | D:1      | Quit the game

Levels and vault maps discovered:
D:1:      lemuel_arrival_muddy, layout_basic

Skill      XL: |  1 |
---------------+----+-----
Stealth        | 3 |  3.2
Dodging        | |  2.8
Spellcasting   | |  2.2
Transmutations | |  1.1
Earth Magic    | |  2.9

Action                   || total
-------------------------++-------
Melee: Unarmed           ||    31
       Bite              ||     4
 Cast: Sandblast         ||     4
 Stab: Sleeping          ||     1
Armor: Skin              ||     1
Dodge: Dodged            ||    21

Table legend:
 A = Non-vault XP
 B = Vault XP
 C = Vault XP percentage of total XP
 D = Non-vault monster count
 E = Vault monster count
 F = Vault count percentage of total count
                 A         B        C        D         E       F
            +---------+---------+-------+---------+---------+-------
      Total |      20 |       0 |   0.0 |      10 |       0 |   0.0
            +---------+---------+-------+---------+---------+-------
        D:1 |      20 |       0 |   0.0 |      10 |       0 |   0.0
            +---------+---------+-------+---------+---------+-------
